[Event "6e Open International d'Echecs des Sable"]
[Site "Sables d'Olonne, France"]
[Date "2019.07.13"]
[Round "1.1"]
[White "Prie, Eric"]
[Black "Frick, Christoph"]
[Result "1-0"]
[ECO "B06"]
[WhiteElo "2436"]
[BlackElo "2134"]
[Annotator "jeanluc"]
[PlyCount "78"]
[EventDate "2019.??.??"]
[TimeControl "1/40:0"]
[WhiteClock "0:03:40"]
[BlackClock "0:02:43"]

1. d4 g6 2. e4 Bg7 3. Nc3 d6 4. Be3 a6 5. h4 Nf6 6. h5 gxh5 7. f3 Nc6 8. Nge2 e5 9. dxe5 Nxe5 10. Ng3 h4 11. Rxh4 Be6 12. Qd2 h5 13. Bg5 Qd7 14. f4 Ng6 15.
f5 Nxh4 16. Bxh4 O-O-O 17. O-O-O Rdg8 18. Kb1 Ng4 19. fxe6 fxe6 20. Be2 Be5 21. Bf3 Qc6 22. Nce2 Nf2 23. Rf1 Qb6 24. c3 Ng4 25. Rh1 Ne3 26. Qd3 Ng4 27. Re1 Kb8 28. Nf1 Rh7 29. Nd4 Rg6 30. Nd2 Bh8 31. e5 Rhh6 32. Nc4 Qc5 33. b4 Qa7 34. exd6 cxd6 35. Nxd6 e5 36. N4f5 Nf2 37. Qe2 Ng4 38. Nxh6 Nxh6 39. Nxb7 Nf5 1-0

[Event "6e Open International d'Echecs des Sable"]
[Site "Sables d'Olonne, France"]
[Date "2019.07.13"]
[Round "1.2"]
[White "Wlodarczyk, Cyril"]
[Black "Duboue, Peio"]
[Result "0-1"]
[ECO "C29"]
[WhiteElo "2098"]
[BlackElo "2409"]
[Annotator "jeanluc"]
[PlyCount "70"]
[EventDate "2019.??.??"]
[TimeControl "1/40:0"]
[WhiteClock "0:16:50"]
[BlackClock "0:28:41"]

1. e4 e5 2. Nc3 Nf6 3. f4 d5 4. fxe5 Nxe4 5. Qf3 Nxc3 6.
dxc3 c5 7. Qg3 Nc6 8. Nf3 Qb6 9. Be2 c4 10. Qf4 Bc5 11. Rf1 Be6 12. b4 cxb3 13. axb3 O-O 14. Bd3 f6 15. Qh4 g6 16. exf6 Rae8 17. Kd1 Qc7 18. Bf4 Qd7 19. Bh6 Rf7 20. Ng5 Be3 21. h3 Bxg5 22. Qxg5 Ne5 23. Kd2 Nxd3 24. cxd3 Qb5 25. Rf4 a5 26. Kc2 Bf5 27. Rf2 a4 28.
Rxa4 Qxd3+ 29. Kb2 Qb1+ 30. Ka3 b5 31. Qe3 Bd7 32. Qxe8+ Bxe8 33. Re2 b4+ 34. Rxb4 Qa1+ 35. Ra2 Ra7+ 0-1

[Event "6e Open International d'Echecs des Sable"]
[Site "Sables d'Olonne, France"]
[Date "2019.07.13"]
[Round "1.3"]
[White "Colin, Vincent"]
[Black "Renault, Jerome"]
[Result "1-0"]
[ECO "B37"]
[WhiteElo "2370"]
[BlackElo "2097"]
[Annotator "jeanluc"]
[PlyCount "83"]
[EventDate "2019.??.??"]
[TimeControl "1/40:0"]
[WhiteClock "0:24:39"]
[BlackClock "0:01:51"]

1. Nf3 Nf6 2. c4 c5 3. Nc3 Nc6 4. d4 cxd4 5. Nxd4 g6 6. e4 d6 7. Nc2 Bg7 8. Be2 O-O 9. Be3 b6 10. Qd2 h5 11. f3 Be6 12. O-O Kh7 13.
Rac1 Ne5 14. b3 Rc8 15. h3 Nc6 16. f4 Bd7 17. Ne1 Ra8 18.
Nf3 Qc8 19. Bd3 Kh8 20. Bb1 Ne8 21. Qf2 e5 22. f5 Ne7 23.
fxg6 fxg6 24. Qg3 Be6 25. Nh4 Bf7 26. Nd5 Qe6 27. Nxe7 Qxe7 28. Rxf7 Qxf7 29. Nxg6+ Kh7 30. Nxf8+ Bxf8 31. Rf1 Nf6 32. Qg5 Bg7 33. Bd3 Rg8 34. c5 dxc5 35. Bc4 Qe7 36. Rxf6 Qxf6 37. Qxh5+ Bh6 38. Bxg8+ Kxg8 39. Qxh6 Qd8 40. Qg6+ Kh8 41.
Bg5 Qd1+ 42. Kh2 1-0

[Event "6e Open International d'Echecs des Sable"]
[Site "Sables d'Olonne, France"]
[Date "2019.07.13"]
[Round "1.4"]
[White "Le Pen, Steven"]
[Black "Vidal, Llewellyn"]
[Result "0-1"]
[ECO "B32"]
[WhiteElo "2094"]
[BlackElo "2336"]
[Annotator "jeanluc"]
[PlyCount "82"]
[EventDate "2019.??.??"]
[TimeControl "1/40:0"]
[WhiteClock "0:28:17"]
[BlackClock "0:30:54"]

1. e4 c5 2. Nf3 Nc6 3. d4 cxd4 4. Nxd4 e5 5. Nb5 d6 6. Be3 Be7 7. N1c3 a6 8. Nd5 Rb8 9. Bb6 Qd7 10. Nbc7+ Kf8 11. Qd2 Bd8 12. O-O-O h5 13. f4 exf4 14. Qxf4 Ne5 15. Bc5 Ne7 16. Nb6 Qg4 17. Qd2 Bxc7 18. Bxd6 Bxb6 19. Bxb8 N5c6 20. Bd6 Qxe4 21. Bc5 Bc7 22. Bd6 Ba5 23. b4 Bb6 24. Bc5 Bc7 25. Bd6 Bxd6 26. Qxd6 Kg8 27. b5 axb5 28. Bxb5 Qe3+ 29. Kb2 Qb6 30. a4 Rh6 31. Qf4 Rf6 32. Qh4 Bg4 33. Rd3 Nf5 34. Qe1 Nfd4 35. Qe8+ Kh7 36. Qe3 Re6 37. Qg5 Re5 38. Qf4 Nxb5 39. axb5 Rxb5+ 40. Rb3 Nd4 41. Rxb5 Qxb5+ 0-1

[Event "6e Open International d'Echecs des Sable"]
[Site "Sables d'Olonne, France"]
[Date "2019.07.13"]
[Round "1.5"]
[White "Bujisho, Benjamin"]
[Black "Julien, Jules-Alois"]
[Result "1-0"]
[ECO "D00"]
[WhiteElo "2326"]
[BlackElo "2093"]
[Annotator "jeanluc"]
[PlyCount "107"]
[EventDate "2019.??.??"]
[TimeControl "1/40:0"]
[WhiteClock "0:17:25"]
[BlackClock "0:09:10"]

1. d4 Nf6 2. Nf3 g6 3. Nc3 d5 4. Bf4 Bg7 5. Nb5 Na6 6. e3 O-O 7. Be2 c6 8. Nc3 Qa5 9. O-O Nb8 10. a3 Bf5 11. h3 h6 12. Bd3 Bxd3 13.
cxd3 Nbd7 14. b4 Qd8 15. Bh2 e6 16. Qb3 Qe7 17. Rac1 a6 18.
Na4 Rfc8 19. Rc2 Kh7 20. Rfc1 Ne8 21. Nc5 Nf8 22. Qb1 f6 23. Nb3 e5 24. dxe5 fxe5 25. e4 dxe4 26. dxe4 Nd6 27. Re2 Nd7 28. Nc5 Nb6 29. Qb3 Rf8 30. Bg3 Rae8 31. a4 Qf7 32. Qxf7 Rxf7 33. Rd1 Ndc4 34. Rc2 a5 35. bxa5 Nxa5 36. Nd2 Rd8 37. Rb1 Nc8 38. Ndb3 Nxb3 39. Rxb3 Rd1+ 40. Kh2 Nd6 41. f3 Bf6 42. Rd3 Rxd3 43. Nxd3 Re7 44. a5 h5 45. h4 Nb5 46. a6 Nd4 47. axb7 Rxb7 48. Rc4 c5 49. Rxc5 Rb3 50. Bxe5 Bxh4 51. Rc7+ Kg8 52. Nf4 Rxf3 53. Rg7+ Kf8 54. Nxg6+ 1-0

[Event "6e Open International d'Echecs des Sable"]
[Site "Sables d'Olonne, France"]
[Date "2019.07.13"]
[Round "1.6"]
[White "Maleki, Nicolas"]
[Black "Eugene, Floryan"]
[Result "0-1"]
[ECO "E61"]
[WhiteElo "2088"]
[BlackElo "2300"]
[Annotator "jeanluc"]
[PlyCount "60"]
[EventDate "2019.??.??"]
[TimeControl "1/40:0"]
[WhiteClock "0:00:34"]
[BlackClock "0:10:52"]

1. d4 Nf6 2. Nf3 g6 3. c4 Bg7 4. Nc3 O-O 5. Bg5 c5 6. e3 cxd4 7. Qxd4 Nc6 8. Qd2 d6 9. Be2 Bf5 10. O-O Ne4 11. Nxe4 Bxe4 12. Rac1 Qb6 13. b3 h6 14. Bh4 g5 15. Bg3 Qb4 16. Rfd1 f5 17. Ne1 f4 18. exf4 Qxd2 19. Rxd2 gxf4 20. Bh4 Bf6 21. Bxf6 Rxf6 22. f3 Bg6 23. c5 Rd8 24. Bc4+ Kg7 25. Rcd1 b6 26. cxd6 e5 27. Re2 Rfxd6 28. Rxd6 Rxd6 29. Bb5 Nd4 30. Rxe5 Kf6 0-1

[Event "6e Open International d'Echecs des Sable"]
[Site "Sables d'Olonne, France"]
[Date "2019.07.13"]
[Round "1.7"]
[White "Cotonnec, Melkior"]
[Black "Picart, Laurent"]
[Result "0-1"]
[ECO "A00"]
[WhiteElo "2293"]
[BlackElo "2061"]
[Annotator "jeanluc"]
[PlyCount "76"]
[EventDate "2019.??.??"]
[TimeControl "1/40:0"]
[WhiteClock "0:00:32"]
[BlackClock "0:03:19"]

1. b4 e5 2. Bb2 Bxb4 3. Bxe5 Nf6 4. Nf3 O-O 5. c4 Nc6 6. Bb2 d5 7. e3 Bg4 8. cxd5 Nxd5 9. Be2 Re8 10. O-O Qd7 11. a3 Bf8 12. Nc3 Rad8 13.
Qc2 Nb6 14. Rfd1 Na5 15. d3 c5 16. Rab1 Bf5 17. Ba1 h6 18.
Nb5 a6 19. Nc3 Qc7 20. Qb2 Nc8 21. e4 Be6 22. d4 Bb3 23. Rd2 b5 24. Rc1 Nd6 25. Qb1 Ndc4 26. Bxc4 Bxc4 27. Rcc2 Nb3 28. d5 Nxd2 29. Rxd2 b4 30. Nd1 a5 31. Ne3 Bb5 32. e5 Qb7 33. Qe4 Qa6 34. Nh4 c4 35.
Nef5 c3 36. Rd4 Rc8 37. e6 fxe6 38. Nxh6+ gxh6 0-1

[Event "6e Open International d'Echecs des Sable"]
[Site "Sables d'Olonne, France"]
[Date "2019.07.14"]
[Round "2.1"]
[White "Dalaud, Dorian"]
[Black "Prie, Eric"]
[Result "0-1"]
[ECO "A25"]
[WhiteElo "2220"]
[BlackElo "2436"]
[Annotator "jeanluc"]
[PlyCount "112"]
[EventDate "2019.??.??"]
[TimeControl "1/40:0"]
[WhiteClock "0:04:35"]
[BlackClock "0:05:12"]

1. c4 e5 2. g3 Nf6 3. Bg2 Bc5 4. Nc3 O-O 5. e3 Re8 6. Nge2 Nc6 7. O-O a6 8. a3 d6 9. b4 Ba7 10. Qc2 Bd7 11. Bb2 Rb8 12. Rac1 Ne7 13.
Nd5 Nexd5 14. cxd5 Rc8 15. f4 Bb5 16. Rce1 c6 17. fxe5 dxe5 18.
Qf5 Qe7 19. dxc6 Bxc6 20. Rc1 Bd7 21. Qg5 h6 22. Qh4 Bb5 23.
Bf3 Rcd8 24. Bc3 Nd5 25. Bxd5 Rxd5 26. Qe4 Qd7 27. Rf2 Rxd2 28. Bxd2 Qxd2 29. Qxb7 Bxe3 30. Qxf7+ Kh8 31. a4 Bxf2+ 32. Qxf2 Bxa4 33. Re1 Qxb4 34. Nc1 Bc6 35. Nd3 Qb5 36. Qc5 e4 37. Qxb5 Bxb5 38. Nc5 e3 39. Nb3 Re4 40. Nc1 g5 41. Ne2 Kg7 42. h3 h5 43.
Kg2 Bc6 44. Kg1 Rc4 45. h4 gxh4 46. gxh4 Rg4+ 47. Kh2 Rxh4+ 48. Kg3 Rg4+ 49. Kh3 Re4 50. Kg3 h4+ 51. Kf3 Kf6 52. Rc1 Rc4+ 53. Kxe3 Rxc1 54. Nxc1 h3 55. Ne2 h2 56. Ng3 Ke5 0-1

[Event "6e Open International d'Echecs des Sable"]
[Site "Sables d'Olonne, France"]
[Date "2019.07.14"]
[Round "2.2"]
[White "Duboue, Peio"]
[Black "Mariette, Lucas"]
[Result "1/2-1/2"]
[ECO "C54"]
[WhiteElo "2409"]
[BlackElo "2244"]
[Annotator "jeanluc"]
[PlyCount "108"]
[EventDate "2019.??.??"]
[TimeControl "1/40:0"]
[WhiteClock "0:24:49"]
[BlackClock "0:23:31"]

1. e4 e5 2. Nf3 Nc6 3. Bc4 Bc5 4. c3 Nf6 5. d4 exd4 6. e5 d5 7. Bb5 Ne4 8. cxd4 Bb4+ 9. Bd2 Nxd2 10. Nbxd2 O-O 11. Bxc6 bxc6 12. O-O f6 13. Qa4 Bxd2 14. Nxd2 fxe5 15. dxe5 Qe8 16. f4 c5 17. Qa5 Qc6 18. Nb3 Rb8 19. Qxa7 Rb5 20. Rac1 Qb6 21. Qxb6 cxb6 22. Rc2 Rb4 23. g3 g5 24. Rd2 Ba6 25. Re1 gxf4 26. e6 fxg3 27. e7 gxh2+ 28. Kxh2 Re8 29. Rxd5 Rh4+ 30. Kg3 Rh6 31. Nd2 Rg6+ 32. Kf4 Rf6+ 33. Kg5 Kf7 34. Rde5 Rf2 35. Rf5+ Rxf5+ 36. Kxf5 Bd3+ 37. Kf4 Rxe7 38. Rg1 Re2 39. Nf3 Kf6 40. Rd1 c4 41. b3 b5 42. Ne1 Re4+ 43. Kf3 Rd4 44. Nxd3 Rxd3+ 45. Rxd3 cxd3 46. a4 h5 47. a5 h4 48. a6 h3 49. a7 h2 50. Kg2 d2 51. a8=Q h1=Q+ 52. Kxh1 d1=Q+ 53. Kg2 Qxb3 54. Qf3+ Qxf3+ 1/2-1/2

[Event "6e Open International d'Echecs des Sable"]
[Site "Sables d'Olonne, France"]
[Date "2019.07.14"]
[Round "2.3"]
[White "Durand-Le Ludec, Brendan-Budok"]
[Black "Colin, Vincent"]
[Result "1/2-1/2"]
[ECO "C56"]
[WhiteElo "2199"]
[BlackElo "2370"]
[Annotator "jeanluc"]
[PlyCount "123"]
[EventDate "2019.??.??"]
[TimeControl "1/40:0"]
[WhiteClock "0:13:48"]
[BlackClock "0:15:48"]

1. e4 e5 2. Bc4 Nf6 3. d4 exd4 4. Nf3 Nc6 5. e5 d5 6. Bb5 Nd7 7. Bxc6 bxc6 8. O-O Be7 9. Nxd4 Nb8 10. Qf3 O-O 11. Nf5 Bxf5 12. Qxf5 Qd7 13. Qxd7 Nxd7 14. Re1 Rfe8 15. f4 f6 16. e6 Bd6 17. f5 g6 18. Bd2 Ne5 19. Nc3 gxf5 20. Ne2 Bc5+ 21. Kh1 Ng4 22. g3 Rxe6 23. Nf4 Rxe1+ 24. Rxe1 Nf2+ 25. Kg2 Ne4 26. Be3 Bb6 27. Ne6 Kf7 28. Nf4 Re8 29. Bg1 Nd6 30. Rd1 Re4 31. b3 Ke7 32. a4 a5 33.
Bf2 Nf7 34. Rd2 Ne5 35. Ne2 Ng4 36. Bg1 Be3 37. Bxe3 Nxe3+ 38. Kg1 Kd6 39. Nf4 c5 40. c4 d4 41. h3 Re8 42. Kf2 Rb8 43. Rd3 Ke5 44. Kf3 Nc2 45. Kf2 Kd6 46. Rd2 Na1 47. Re2 Rxb3 48. Re6+ Kd7 49. Rxf6 Rb2+ 50. Kf3 Nb3 51. Rxf5 Nd2+ 52. Kg4 Nxc4 53. Rxc5 Nb6 54. Rxa5 Rb4 55. Nd3 Rb1 56. Rh5 Rd1 57. Rxh7+ Kd6 58. Rh6+ Ke7 59. Nc5 d3 60. Kf3 d2 61. Ke2 Rc1 62. Kf3 1/2-1/2

[Event "6e Open International d'Echecs des Sable"]
[Site "Sables d'Olonne, France"]
[Date "2019.07.14"]
[Round "2.4"]
[White "Vidal, Llewellyn"]
[Black "Besson, Bastien"]
[Result "1-0"]
[ECO "E67"]
[WhiteElo "2336"]
[BlackElo "2204"]
[Annotator "jeanluc"]
[PlyCount "57"]
[EventDate "2019.??.??"]
[TimeControl "1/40:0"]
[WhiteClock "0:32:01"]
[BlackClock "0:05:43"]

1. c4 d6 2. Nc3 Nf6 3. g3 g6 4. Bg2 Bg7 5. Nf3 O-O 6. d4 Nbd7 7. O-O e5 8. Qc2 exd4 9. Nxd4 Re8 10. b3 a6 11. Bf4 Nh5 12. Be3 Ne5 13.
Rad1 c5 14. Nf3 Bf5 15. Qc1 Qb8 16. Nxe5 Bxe5 17. Bg5 Ra7 18. Nd5 b5 19. h3 Bxg3 20. fxg3 Nxg3 21. Nf6+ Kh8 22. Rde1 Nxe2+ 23. Rxe2 Rxe2 24. Rxf5 gxf5 25. Bh6 Re8 26.
Bg7+ Kxg7 27. Qg5+ Kh8 28. Qh6 Re1+ 29. Kf2 1-0

[Event "6e Open International d'Echecs des Sable"]
[Site "Sables d'Olonne, France"]
[Date "2019.07.14"]
[Round "2.5"]
[White "Picart, Laurent"]
[Black "Bujisho, Benjamin"]
[Result "0-1"]
[ECO "A42"]
[WhiteElo "2061"]
[BlackElo "2326"]
[Annotator "jeanluc"]
[PlyCount "86"]
[EventDate "2019.??.??"]
[TimeControl "1/40:0"]
[WhiteClock "0:19:58"]
[BlackClock "0:22:09"]

1. d4 d6 2. e4 g6 3. c4 Bg7 4. Nc3 Nc6 5. Nge2 e5 6. Be3 exd4 7. Nxd4 Nge7 8.
Be2 O-O 9. Qd2 f5 10. exf5 Nxf5 11. Nxf5 Bxf5 12. O-O-O a5 13.
g4 Bxc3 14. Qd5+ Kg7 15. bxc3 Bd7 16. h4 Qf6 17. Qd2 Rae8 18.
Bh6+ Kg8 19. Bxf8 Rxf8 20. Rh2 b6 21. h5 g5 22. h6 Be8 23.
Bd3 Ne5 24. Bf5 Kh8 25. Qe2 Bg6 26. Bxg6 Qf4+ 27. Kc2 Qxh2 28. Bf5 Qxh6 29. Qe4 Qf6 30. Rh1 h6 31. f4 gxf4 32. Qxf4 Kg7 33. Rh5 Nf7 34. Qd4 Re8 35. Bd3 c5 36. Qd5 Re5 37. Qg2 Ng5 38. Qb7+ Re7 39. Qg2 Nf3 40. Kb2 Ne1 41. Qf1 Qf2+ 42. Kb3 a4+ 43. Ka3 Qd2 0-1

[Event "6e Open International d'Echecs des Sable"]
[Site "Sables d'Olonne, France"]
[Date "2019.07.14"]
[Round "2.6"]
[White "Eugene, Floryan"]
[Black "Pottier, Simeon"]
[Result "1-0"]
[ECO "B23"]
[WhiteElo "2300"]
[BlackElo "2192"]
[Annotator "jeanluc"]
[PlyCount "61"]
[EventDate "2019.??.??"]
[TimeControl "1/40:0"]
[WhiteClock "0:25:27"]
[BlackClock "0:11:53"]

1. e4 c5 2. Nc3 Nc6 3. Bb5 Nd4 4. Nf3 Nxb5 5. Nxb5 g6 6.
d4 Bg7 7. c4 cxd4 8. Nfxd4 d6 9. Be3 Nf6 10. f3 O-O 11. Qd2 Re8 12. O-O Bd7 13. Rac1 a6 14. Nc3 Qa5 15. Nb3 Qd8 16. Rfd1 Bc6 17. Qf2 Qb8 18. Na5 Nd7 19. b4 Rc8 20. c5 Ne5 21. cxd6 exd6 22. Qd2 Bb5 23. Nxb5 Rxc1 24. Rxc1 axb5 25. Qd5 Nc4 26. Nxc4 bxc4 27. Qxc4 b5 28. Qd5 Ra4 29. Qxb5 Qxb5 30. Rc8+ Bf8 31. Bh6 1-0

[Event "6e Open International d'Echecs des Sable"]
[Site "Sables d'Olonne, France"]
[Date "2019.07.14"]
[Round "2.7"]
[White "Lucas, Arthur"]
[Black "Cotonnec, Melkior"]
[Result "0-1"]
[ECO "B01"]
[WhiteElo "2286"]
[BlackElo "2293"]
[Annotator "jeanluc"]
[PlyCount "106"]
[EventDate "2019.??.??"]
[TimeControl "1/40:0"]
[WhiteClock "0:00:49"]
[BlackClock "0:04:45"]

1. e4 d5 2. exd5 Qxd5 3. Nf3 Nf6 4. d4 Bg4 5. Be2 e6 6. h3 Bh5 7. O-O Be7 8. c4 Qd6 9. Nc3 c6 10. Be3 Nbd7 11. Qd2 Rd8 12. Bf4 e5 13. dxe5 Qxd2 14. Nxd2 Nxe5 15. Bxh5 Nxh5 16. Bxe5 Rxd2 17. Ne4 Rc2 18. Rac1 Rxc1 19. Rxc1 f5 20. Nc3 Bf6 21. Bb8 Bd4 22. Ne2 Bc5 23. a3 Kf7 24. Bc7 Re8 25. Kf1 Re7 26. Ba5 Rd7 27. Bc3 Nf6 28. f3 Be3 29. Re1 f4 30. Bxf6 Kxf6 31. Nc3 Rd4 32. b3 Rd3 33. Ne4+ Ke5 34. Rb1 a5 35. Ke2 Kd4 36. a4 g6 37. Rb2 b6 38.
Rb1 h6 39. Rb2 Bc1 40. Rc2 Re3+ 41. Kd1 Ba3 42. Rd2+ Ke5 43. Kc2 Bb4 44. Rf2 Be1 45. Rf1 Bb4 46. Rf2 g5 47. Kb2 Kd4 48. Kc2 Re1 49. Nf6 h5 50. Ne4 Ke3 51. Kb2 g4 52. hxg4 hxg4 53. Kc2 g3 0-1

[Event "6e Open International d'Echecs des Sable"]
[Site "Sables d'Olonne, France"]
[Date "2019.07.15"]
[Round "3.1"]
[White "Prie, Eric"]
[Black "Eugene, Floryan"]
[Result "1-0"]
[ECO "D00"]
[WhiteElo "2436"]
[BlackElo "2300"]
[Annotator "jeanluc"]
[PlyCount "87"]
[EventDate "2019.??.??"]
[TimeControl "1/40:0"]
[WhiteClock "0:04:26"]
[BlackClock "0:04:14"]

1. d4 Nf6 2. Bf4 e6 3. e3 d5 4. Nd2 Bd6 5. Bg3 O-O 6. Bd3 c5 7. c3 Qc7 8. Bxd6 Qxd6 9. f4 cxd4 10. cxd4 Qb6 11. Qb3 Qxb3 12. Nxb3 b6 13. Nf3 Ba6 14. Bxa6 Nxa6 15. Ke2 Rfc8 16. Rac1 Ne4 17. a3 Nd6 18. g4 b5 19. Ne5 Nc4 20. Nd3 Nb6 21. h4 f6 22. h5 Kf7 23. g5 Rc4 24. h6 Rxc1 25. Nbxc1 g6 26. b3 Rc8 27. Kd2 Nd7 28. Ne2 Rc6 29. gxf6 Kxf6 30. Ne5 Nxe5 31. dxe5+ Ke7 32. Nd4 Rb6 33. Rc1 Kd7 34. Nf3 Rb8 35. Ng5 Rh8 36. Nxe6 Kxe6 37. Rc6+ Kf5 38. Rxa6 g5 39. fxg5 Kxg5 40. Kd3 Rc8 41. Kd4 Rc1 42. Kxd5 Rc3 43. e4 Rxb3 44. e6 1-0

[Event "6e Open International d'Echecs des Sable"]
[Site "Sables d'Olonne, France"]
[Date "2019.07.15"]
[Round "3.2"]
[White "Bujisho, Benjamin"]
[Black "Vidal, Llewellyn"]
[Result "1-0"]
[ECO "B26"]
[WhiteElo "2326"]
[BlackElo "2336"]
[Annotator "jeanluc"]
[PlyCount "55"]
[EventDate "2019.??.??"]
[TimeControl "1/40:0"]
[WhiteClock "0:09:40"]
[BlackClock "0:10:01"]

1. e4 c5 2. Nc3 Nc6 3. g3 g6 4. Bg2 Bg7 5. d3 d6 6. Be3 e5 7. Qd2 Be6 8. f4 Nge7 9. Nf3 Nd4 10. O-O h6 11. fxe5 dxe5 12. a3 Rc8 13.
Rf2 Kf8 14. Raf1 Kg8 15. h4 Kh7 16. Kh2 Qd7 17. Ng1 Rhf8 18.
Bh3 f5 19. h5 gxh5 20. exf5 Nexf5 21. Ne4 h4 22. gxh4 Nxe3 23.
Qxe3 Bxh3 24. Nxh3 Nxc2 25. Neg5+ hxg5 26. Nxg5+ Kg8 27. Qe4 Bf6 28. Rxf6 1-0

[Event "6e Open International d'Echecs des Sable"]
[Site "Sables d'Olonne, France"]
[Date "2019.07.15"]
[Round "3.3"]
[White "Redondo Arguelles, Graciela"]
[Black "Duboue, Peio"]
[Result "1/2-1/2"]
[ECO "C84"]
[WhiteElo "2043"]
[BlackElo "2409"]
[Annotator "jeanluc"]
[PlyCount "135"]
[EventDate "2019.??.??"]
[TimeControl "1/40:0"]
[WhiteClock "0:01:40"]
[BlackClock "0:10:33"]

1. e4 e5 2. Nf3 Nc6 3. Bb5 Nf6 4. d3 d6 5. c3 Be7 6. O-O O-O 7. Re1 a6 8. Ba4 b5 9. Bc2 Bb7 10. Nbd2 d5 11. Nf1 Re8 12. Ng3 Bf8 13.
Bg5 dxe4 14. dxe4 Qxd1 15. Raxd1 Be7 16. Nf5 Bd8 17. Nd2 h6 18. Bh4 Nh7 19. Bxd8 Raxd8 20. Nb3 Bc8 21. Ne3 Ng5 22. Nc5 Ne6 23. Nxe6 Bxe6 24. Bb3 Kf8 25. Bxe6 Rxe6 26. Rxd8+ Nxd8 27. Rd1 Rd6 28. Rxd6 cxd6 29. Nf5 Nb7 30. b4 h5 31. Kf1 g6 32. Ne3 Nd8 33. Nd5 Ne6 34. Ke2 Ke8 35. Kd3 Kd7 36. g3 Ng5 37. Ke3 f5 38.
f3 fxe4 39. fxe4 Ne6 40. h4 Nd8 41. Kf3 Nc6 42. g4 hxg4+ 43.
Kxg4 Ne7 44. Nf6+ Ke6 45. Ne8 d5 46. Kf3 Kd7 47. Nf6+ Kd6 48.
Ne8+ Kc6 49. Nf6 Kd6 50. Ne8+ Kd7 51. Nf6+ Ke6 52. Ne8 dxe4+ 53. Kxe4 Nf5 54. Nc7+ Kd6 55. Nxa6 Nxh4 56. Nc5 g5 57. Nd3 Ng6 58. Kf5 Ne7+ 59. Kxg5 Nd5 60. Kf5 Nxc3 61. Nxe5 Kd5 62. Nd7 Kc4 63. a3 Kb3 64. Ne5 Kxa3 65. Nc6 Nd5 66. Nd4 Kxb4 67. Nxb5 Kxb5 68. Ke4 1/2-1/2

[Event "6e Open International d'Echecs des Sable"]
[Site "Sables d'Olonne, France"]
[Date "2019.07.15"]
[Round "3.4"]
[White "Colin, Vincent"]
[Black "Angermuende, Dirk"]
[Result "1-0"]
[ECO "B14"]
[WhiteElo "2370"]
[BlackElo "1972"]
[Annotator "jeanluc"]
[PlyCount "81"]
[EventDate "2019.??.??"]
[TimeControl "1/40:0"]
[WhiteClock "0:41:49"]
[BlackClock "0:02:09"]

1. Nf3 Nf6 2. c4 e6 3. e3 c5 4. d4 cxd4 5. exd4 d5 6. Nc3 Nc6 7. c5 Ne4 8. Qc2 Nxc3 9. Qxc3 e5 10. Nxe5 Nxe5 11. dxe5 d4 12. Qg3 Bxc5 13. Qxg7 Bb4+ 14. Kd1 Rf8 15. Bd3 Be6 16. Qxh7 Qa5 17. Bh6 Bb3+ 18. Ke2 Qxe5+ 19. Qe4 Qxe4+ 20. Bxe4 Bc4+ 21. Kf3 Rh8 22. Bg7 Rg8 23. Bxd4 Rd8 24. Be3 Rd6 25. g3 Be6 26. Kg2 Bd5 27. Bxd5 Rxd5 28. Bxa7 Rg6 29. Be3 Rgd6 30. a3 Bd2 31. Bxd2 Rxd2 32. b4 R6d3 33. Rhe1+ Kf8 34. Re4 Rb2 35. a4 Rdb3 36. b5 b6 37. Rc1 Kg7 38. Rc6 Rb4 39. Rxb4 Rxb4 40. Rxb6 Rxa4 41. Rb8 1-0

[Event "6e Open International d'Echecs des Sable"]
[Site "Sables d'Olonne, France"]
[Date "2019.07.15"]
[Round "3.5"]
[White "Mariette, Lucas"]
[Black "Louassier, Cedric"]
[Result "1-0"]
[ECO "B90"]
[WhiteElo "2244"]
[BlackElo "1840"]
[Annotator "jeanluc"]
[PlyCount "137"]
[EventDate "2019.??.??"]
[TimeControl "1/40:0"]
[WhiteClock "1:02:24"]
[BlackClock "0:08:34"]

1. e4 c5 2. Nf3 d6 3. d4 cxd4 4. Nxd4 Nf6 5. Nc3 a6 6. Be3 e5 7. Nb3 Be7 8. f3 Be6 9. Qd2 d5 10. exd5 Nxd5 11. Nxd5 Qxd5 12. Qxd5 Bxd5 13. O-O-O Be6 14. Na5 b5 15. a4 bxa4 16. Bc4 Bxc4 17. Nxc4 Nd7 18. Rd5 a3 19. b3 f6 20. Rhd1 Rd8 21. Kb1 Nb8 22. Rxd8+ Bxd8 23. Nd6+ Kf8 24. Bc5 Be7 25. Nf5 Bxc5 26. Rd8+ Kf7 27. Rxh8 Bf8 28. Rxh7 Nc6 29. Rh4 Nb4 30. Rc4 a5 31. c3 Nd5 32. Ka2 g6 33. Nh4 f5 34. g3 Be7 35. Ng2 g5 36. Ne1 e4 37. fxe4 fxe4 38.
Nc2 e3 39. Nd4 Kf6 40. Rc6+ Kf7 41. Kb1 Bf6 42. Ne2 Ke7 43. Ka2 Kd7 44. Rc5 Kd6 45. Rc4 Nb6 46. Re4 Nd5 47. Kxa3 Nxc3 48. Nxc3 Bxc3 49. Rxe3 Bb4+ 50. Ka4 Kd5 51. Re8 Kc6 52. Re6+ Kd5 53. Ra6 Ke4 54. Rxa5 Bxa5 55. Kxa5 Kf3 56. b4 g4 57. b5 Kg2 58. b6 Kxh2 59. b7 Kxg3 60. b8=Q+ Kg2 61. Kb4 g3 62. Kc3 Kf2 63. Qf4+ Kg2 64. Kd2 Kh1 65. Qh4+ Kg2 66. Ke2 Kg1 67. Kf3 g2 68. Qf2+ Kh1 69. Qxg2# 1-0

[Event "6e Open International d'Echecs des Sable"]
[Site "Sables d'Olonne, France"]
[Date "2019.07.15"]
[Round "3.7"]
[White "Cotonnec, Melkior"]
[Black "Flachet, Thierry"]
[Result "1-0"]
[ECO "A00"]
[WhiteElo "2293"]
[BlackElo "2043"]
[Annotator "jeanluc"]
[PlyCount "49"]
[EventDate "2019.??.??"]
[TimeControl "1/40:0"]
[WhiteClock "0:20:59"]
[BlackClock "0:23:55"]

1. b4 d5 2. Bb2 Bf5 3. Nf3 h6 4. e3 e6 5. c4 Nf6 6. a3 Be7 7. Nc3 O-O 8. d4 c6 9. Be2 Nbd7 10. O-O a5 11. Qb3 axb4 12. axb4 Qb6 13. c5 Qc7 14. b5 Rab8 15. Ra7 Qc8 16. Qa4 Ra8 17. Ra1 Rxa7 18.
Qxa7 Nb8 19. Ne5 Nfd7 20. bxc6 Nxc6 21. Nxc6 bxc6 22. Na4 Qd8 23. Bc3 Nb8 24. Ba5 Qd7 25. Bc7 1-0

[Event "6e Open International d'Echecs des Sable"]
[Site "Sables d'Olonne, France"]
[Date "2019.07.15"]
[Round "4.1"]
[White "Troubat, Alexandre"]
[Black "Prie, Eric"]
[Result "0-1"]
[ECO "B01"]
[WhiteElo "1932"]
[BlackElo "2436"]
[Annotator "jeanluc"]
[PlyCount "60"]
[EventDate "2019.??.??"]
[TimeControl "1/40:0"]
[WhiteClock "0:00:51"]
[BlackClock "0:16:08"]

1. e4 d5 2. exd5 Qxd5 3. Nf3 Bg4 4. Be2 Nc6 5. d4 O-O-O 6.
c4 Qd7 7. d5 Bxf3 8. Bxf3 Ne5 9. Nc3 Nf6 10. O-O e6 11. dxe6 Qxe6 12. Bd5 Qf5 13. Qa4 a6 14. Re1 Bc5 15. Be3 Bxe3 16. Rxe3 Nfg4 17. Re2 Qf4 18. g3 Qh6 19. f4 Qb6+ 20. Kh1 Nd3 21. Bxf7 h5 22. h4 Kb8 23. Bd5 Ndf2+ 24. Kg2 Ne3+ 25. Kf3 Nf5 26. Rxf2 Qe3+ 27. Kg2 Qxg3+ 28. Kf1 Ne3+ 29. Ke2 Rhe8 30. Be4 Ng4 0-1

[Event "6e Open International d'Echecs des Sable"]
[Site "Sables d'Olonne, France"]
[Date "2019.07.15"]
[Round "4.2"]
[White "Colin, Vincent"]
[Black "Bujisho, Benjamin"]
[Result "1-0"]
[ECO "A13"]
[WhiteElo "2370"]
[BlackElo "2326"]
[Annotator "jeanluc"]
[PlyCount "73"]
[EventDate "2019.??.??"]
[TimeControl "1/40:0"]
[WhiteClock "0:19:17"]
[BlackClock "0:01:29"]

1. Nf3 Nf6 2. c4 e6 3. e3 b6 4. b3 Bb7 5. Bb2 g6 6. g4 h6 7. Rg1 Bg7 8. h4 d6 9. Be2 Nbd7 10. Qc2 Qe7 11. Nc3 a6 12. g5 hxg5 13.
hxg5 Nh5 14. d4 c5 15. O-O-O O-O-O 16. d5 e5 17. Ne4 Kb8 18. Kb1 Ka7 19. a3 Rb8 20. Ka2 Bf8 21. Rh1 Qd8 22. Nfd2 Qc7 23. Ng3 Nxg3 24. Rxh8 Nxe2 25. Qd3 Nd4 26. exd4 exd4 27. f4 b5 28. Rh7 bxc4 29. bxc4 Nb6 30. Qxg6 Nxc4 31. Rxf7 Be7 32. Qe6 Ne3 33.
Rxe7 Qa5 34. Nb3 Qa4 35. Rxd4 cxd4 36. Bxd4+ Ka8 37. Qxe3 1-0